SKY
NEW YORK METS @ PITTSBURGH PIRATES
05/23/2052
 
TOP OF THE 1ST
New York Mets batting - Pitching for Pittsburgh Pirates : RHP Rubin Morrison
Pitching: RHP Rubin Morrison
Batting: LHB Elih Zelaya 0-0: DOUBLE (Line Drive, 78D, EV 98.1 MPH)
Batting: LHB Cody Phillips 0-0: Called Strike
0-1: Swinging Strike
0-2: Ground out 4-3 (Groundball, 34, EV 101.9 MPH)
Elih Zelaya to third
Batting: RHB Javin Hall 0-0: Foul Ball, location: 2F
0-1: Called Strike
0-2: Ball
1-2: Ground out 6-3 (Groundball, 6, EV 78.8 MPH)
Batting: LHB Earl Jones 0-0: Ball
1-0: Fly out, F8 (Line Drive, 8LM, EV 99.4 MPH)
Top of the 1st over - 0 runs, 1 hit, 0 errors, 1 left on base; New York 0 - Pittsburgh 0
BOTTOM OF THE 1ST
Pittsburgh Pirates batting - Pitching for New York Mets : LHP Nick Coppa
Pitching: LHP Nick Coppa
Batting: RHB David Dudley 0-0: Ball
1-0: Ball
2-0: Ball
3-0: Base on Balls
Batting: RHB Andy Kiser 0-0: Fielders Choice at 2nd, 6-4 (Groundball, 6, EV 88.1 MPH)
Batting: RHB Caleb Phillips 0-0: 2-RUN HOME RUN (Flyball, 9LD, EV 94.4 MPH), Distance : 336 ft
Batting: LHB Jim Lunsford 0-0: SINGLE (Groundball, 3S, EV 60.6 MPH) (infield hit)
Batting: RHB Chet Ross 0-0: Foul Ball, location: 9LSF
0-1: Ball
1-1: Called Strike
1-2: 2-RUN HOME RUN (Flyball, 7D, EV 99.4 MPH), Distance : 374 ft
Batting: LHB P.J. Rey 0-0: Called Strike
0-1: Ball
1-1: Called Strike
1-2: Foul Ball, location: 3F
1-2: Fly out, F7 (Line Drive, 7S, EV 91.9 MPH)
Batting: LHB Eric Gehman 0-0: Ball
1-0: Swinging Strike
1-1: Ball
2-1: Foul Ball, location: 25FF
2-2: SINGLE (Flyball, 9, EV 95.0 MPH)
Batting: RHB Uriel Roberts 0-0: Foul Ball, location: 3SF
0-1: Ball
1-1: Ball
2-1: Ball
3-1: Called Strike
3-2: DOUBLE (Line Drive, 8LD, EV 100.0 MPH)
Eric Gehman to third
Eric Gehman scores
Batting: SHB Michael Shatley 0-0: Called Strike
0-1: Ball
1-1: Fly out, F7 (Flyball, 7S, EV 91.3 MPH)
Bottom of the 1st over - 5 runs, 5 hits, 0 errors, 1 left on base; New York 0 - Pittsburgh 5
TOP OF THE 2ND
New York Mets batting - Pitching for Pittsburgh Pirates : RHP Rubin Morrison
Batting: SHB Emmanuel González 0-0: Foul Ball, location: 9LDF
0-1: Ball
1-1: Ball
2-1: Called Strike
2-2: Ground out U3 (Groundball, 3, EV 83.1 MPH)
Batting: LHB Bobby Crooks 0-0: Ball
1-0: Fly out, F5 (Popup, 5, EV 75.6 MPH)
Batting: RHB Jeremy Zimmerman 0-0: Swinging Strike
0-1: Ball
1-1: Swinging Strike
1-2: Ball
2-2: Ball
3-2: Strikes out swinging
Top of the 2nd over - 0 runs, 0 hits, 0 errors, 0 left on base; New York 0 - Pittsburgh 5
BOTTOM OF THE 2ND
Pittsburgh Pirates batting - Pitching for New York Mets : LHP Nick Coppa
Batting: RHB David Dudley 0-0: Foul Ball, location: 3FF
0-1: Ball
1-1: Called Strike
1-2: Ground out 6-3 (Groundball, 6, EV 101.9 MPH)
Batting: RHB Andy Kiser 0-0: Swinging Strike
0-1: Foul Ball, location: 2F
0-2: Foul Ball, location: 9LMFF
0-2: Foul Ball, location: 2F
0-2: DOUBLE (Line Drive, 89M, EV 90.0 MPH) - OUT at third base trying to stretch hit.
Batting: RHB Caleb Phillips 0-0: Ball
1-0: Fly out, F9 (Line Drive, 89M, EV 99.4 MPH)
Bottom of the 2nd over - 0 runs, 1 hit, 0 errors, 0 left on base; New York 0 - Pittsburgh 5
TOP OF THE 3RD
New York Mets batting - Pitching for Pittsburgh Pirates : RHP Rubin Morrison
Batting: RHB Dennis Hardwick 0-0: Ball
1-0: SINGLE (Groundball, 34D, EV 98.1 MPH)
Batting: LHB Enrique Reyna 0-0: Ball
1-0: Called Strike
1-1: SINGLE (Line Drive, 8RS, EV 100.6 MPH)
Dennis Hardwick to second
Batting: LHB Elih Zelaya 0-0: Fielders Choice at 2nd, 3-6 (Groundball, 3, EV 85.6 MPH)
Dennis Hardwick to third
Batting: LHB Cody Phillips 0-0: Swinging Strike
0-1: Fielders Choice at 2nd, 5-4 (Groundball, 5, EV 88.8 MPH)
Dennis Hardwick scores
Batting: RHB Javin Hall 0-0: Ground out 6-3 (Groundball, 6S, EV 68.1 MPH)
Top of the 3rd over - 1 run, 2 hits, 0 errors, 1 left on base; New York 1 - Pittsburgh 5
BOTTOM OF THE 3RD
Pittsburgh Pirates batting - Pitching for New York Mets : LHP Nick Coppa
Batting: LHB Jim Lunsford 0-0: Ball
1-0: Foul Ball, location: 3F
1-1: Foul Ball, location: 2F
1-2: SINGLE (Flyball, 89S, EV 96.3 MPH)
Batting: RHB Chet Ross 0-0: Foul Ball, location: 2F
0-1: Swinging Strike
0-2: Ball
1-2: 2-RUN HOME RUN (Flyball, 9D, EV 95.0 MPH), Distance : 366 ft
Batting: LHB P.J. Rey 0-0: Called Strike
0-1: Called Strike
0-2: Ball
1-2: Ball
2-2: Ground out 3-1 (Groundball, 34S, EV 88.8 MPH)
Pitching: RHP Ethan Ponzio
Batting: LHB Eric Gehman 0-0: Ball
1-0: SINGLE (Line Drive, 34, EV 110.0 MPH)
Batting: RHB Uriel Roberts 0-0: Ball
1-0: Foul Ball, location: 5FF
1-1: Swinging Strike
1-2: Ball
2-2: Strikes out looking
Batting: SHB Michael Shatley 0-0: Called Strike
0-1: Called Strike
0-2: Ball
1-2: Strikes out swinging
Bottom of the 3rd over - 2 runs, 3 hits, 0 errors, 1 left on base; New York 1 - Pittsburgh 7
TOP OF THE 4TH
New York Mets batting - Pitching for Pittsburgh Pirates : RHP Rubin Morrison
Batting: LHB Earl Jones 0-0: SINGLE (Flyball, 5D, EV 91.9 MPH)
Batting: SHB Emmanuel González 0-0: Called Strike
0-1: Foul Ball, location: 2F
0-2: Ball
1-2: Ball
2-2: Ball
3-2: Foul Ball, location: 7LDF
3-2: Fly out, F7 (Flyball, 78S, EV 91.3 MPH)
Batting: LHB Bobby Crooks 0-0: Ball
1-0: Swinging Strike
1-1: Swinging Strike
1-2: Strikes out swinging
Batting: RHB Jeremy Zimmerman 0-0: Ball
1-0: Called Strike
1-1: SINGLE (Flyball, 89S, EV 90.6 MPH)
Earl Jones to second
Batting: RHB Dennis Hardwick 0-0: Swinging Strike
0-1: Ball
1-1: Called Strike
1-2: Foul Ball, location: 9LMF
1-2: Ball
2-2: Foul Ball, location: 2RF
2-2: Strikes out swinging
Top of the 4th over - 0 runs, 2 hits, 0 errors, 2 left on base; New York 1 - Pittsburgh 7
BOTTOM OF THE 4TH
Pittsburgh Pirates batting - Pitching for New York Mets : RHP Ethan Ponzio
Batting: RHB David Dudley 0-0: Foul Ball, location: 5F
0-1: Swinging Strike
0-2: Foul Ball, location: 2F
0-2: Strikes out looking
Batting: RHB Andy Kiser 0-0: Swinging Strike
0-1: Swinging Strike
0-2: Ball
1-2: Strikes out swinging
Batting: RHB Caleb Phillips 0-0: Foul Ball, location: 2F
0-1: Fly out, F9 (Flyball, 9S, EV 88.8 MPH)
Bottom of the 4th over - 0 runs, 0 hits, 0 errors, 0 left on base; New York 1 - Pittsburgh 7
TOP OF THE 5TH
New York Mets batting - Pitching for Pittsburgh Pirates : RHP Rubin Morrison
Batting: LHB Enrique Reyna 0-0: Ball
1-0: Ball
2-0: Called Strike
2-1: DOUBLE (Line Drive, 9LD, EV 100.6 MPH)
Batting: LHB Elih Zelaya 0-0: Ball
1-0: Foul Ball, location: 3F
1-1: Swinging Strike
1-2: Foul Ball, location: 9LSF
1-2: Strikes out looking
Batting: LHB Cody Phillips 0-0: Foul Ball, location: 2F
0-1: Ball
1-1: Ground out 3-1 (Groundball, 13, EV 85.6 MPH)
Enrique Reyna to third
Batting: RHB Javin Hall 0-0: Ball
1-0: Foul Ball, location: 2LF
1-1: Called Strike
1-2: Foul Ball, location: 2F
1-2: Ground out 6-3 (Groundball, 6, EV 86.3 MPH)
Top of the 5th over - 0 runs, 1 hit, 0 errors, 1 left on base; New York 1 - Pittsburgh 7
BOTTOM OF THE 5TH
Pittsburgh Pirates batting - Pitching for New York Mets : RHP Ethan Ponzio
Batting: LHB Jim Lunsford 0-0: Called Strike
0-1: Called Strike
0-2: DOUBLE (Line Drive, 3D, EV 99.4 MPH)
Batting: RHB Chet Ross 0-0: Swinging Strike
0-1: Ball
1-1: Foul Ball, location: 3FF
1-2: Ball
2-2: Ball
3-2: Foul Ball, location: 9LDF
3-2: Base on Balls
Batting: LHB P.J. Rey 0-0: Foul Ball, location: 2F
0-1: Ball
1-1: Ball
2-1: Foul Ball, location: 2F
2-2: Strikes out looking
Batting: LHB Eric Gehman 0-0: Called Strike
0-1: Ball
1-1: Foul Ball, location: 3F
1-2: Fly out, F5 (Popup, 5, EV 57.5 MPH)
Batting: RHB Uriel Roberts 0-0: DOUBLE (Flyball, 8LXD, EV 100.6 MPH)
Jim Lunsford scores
Chet Ross to third
Runner from 3rd tries for Home, SAFE, no throw by CF
Batting: SHB Michael Shatley 0-0: Called Strike
0-1: Ball
1-1: Fly out, F8 (Flyball, 8LXD, EV 111.3 MPH)
Bottom of the 5th over - 2 runs, 2 hits, 0 errors, 1 left on base; New York 1 - Pittsburgh 9
TOP OF THE 6TH
New York Mets batting - Pitching for Pittsburgh Pirates : RHP Rubin Morrison
Batting: LHB Earl Jones 0-0: Ball
1-0: Called Strike
1-1: Ball
2-1: Foul Ball, location: 2F
2-2: Ball
3-2: Foul Ball, location: 5SF
3-2: Base on Balls
Batting: SHB Emmanuel González 0-0: Ball
1-0: Swinging Strike
1-1: Called Strike
1-2: Strikes out swinging
Batting: LHB Bobby Crooks 0-0: Ball
1-0: Foul Ball, location: 2F
1-1: Ball
2-1: SINGLE (Groundball, 3S, EV 62.5 MPH) (infield hit)
Earl Jones to second
Batting: RHB Jeremy Zimmerman 0-0: Ball
1-0: Foul Ball, location: 2F
1-1: Called Strike
1-2: Strikes out swinging
Batting: RHB Dennis Hardwick 0-0: Ball
1-0: Called Strike
1-1: Foul Ball, location: 23F
1-2: Fly out, F3 (Line Drive, 3, EV 68.1 MPH)
Top of the 6th over - 0 runs, 1 hit, 0 errors, 2 left on base; New York 1 - Pittsburgh 9
BOTTOM OF THE 6TH
Pittsburgh Pirates batting - Pitching for New York Mets : RHP Ethan Ponzio
Batting: RHB David Dudley 0-0: Ground out 6-3 (Groundball, 6, EV 110.6 MPH)
Batting: RHB Andy Kiser 0-0: Foul Ball, location: 5F
0-1: Ball
1-1: Ground out 4-3 (Groundball, 4M, EV 90.6 MPH)
Batting: RHB Caleb Phillips 0-0: Ball
1-0: Ground out 6-3 (Groundball, 6, EV 85.0 MPH)
Bottom of the 6th over - 0 runs, 0 hits, 0 errors, 0 left on base; New York 1 - Pittsburgh 9
TOP OF THE 7TH
New York Mets batting - Pitching for Pittsburgh Pirates : RHP Rubin Morrison
Pitching: RHP Ralph Vincent
Batting: LHB Enrique Reyna 0-0: Ball
1-0: Ball
2-0: Ground out 4-3 (Groundball, 4S, EV 65.6 MPH)
Batting: LHB Elih Zelaya 0-0: Called Strike
0-1: Foul Ball, location: 7LMF
0-2: Strikes out swinging
Batting: LHB Cody Phillips 0-0: Called Strike
0-1: Ball
1-1: Ball
2-1: Ball
3-1: Fly out, F8 (Flyball, 8RD, EV 101.9 MPH)
Top of the 7th over - 0 runs, 0 hits, 0 errors, 0 left on base; New York 1 - Pittsburgh 9
BOTTOM OF THE 7TH
Pittsburgh Pirates batting - Pitching for New York Mets : RHP Ethan Ponzio
Pitching: LHP J.D. Taylor
Batting: LHB Jim Lunsford 0-0: SINGLE (Groundball, 3D, EV 95.0 MPH)
Pinch Hitting: RHB Jeremy Powers 0-0: Ball
1-0: Swinging Strike
1-1: Ball
2-1: Ball
3-1: Base on Balls
Jim Lunsford to second
Batting: LHB P.J. Rey 0-0: Ball
1-0: SINGLE (Line Drive, 8RS, EV 95.6 MPH)
Jim Lunsford to third
Jeremy Powers to second
Batting: LHB Eric Gehman 0-0: Fly out, F8 (Flyball, 89M, EV 95.6 MPH)
Batting: RHB Uriel Roberts 0-0: Called Strike
0-1: Ball
Wild Pitch!
Jim Lunsford scores
Jeremy Powers to third
P.J. Rey to second
1-1: Ball
2-1: Foul Ball, location: 25F
2-2: Foul Ball, location: 2F
2-2: Fly out, F8 (Flyball, 8RD, EV 88.1 MPH)
Runner from 3rd tags up, OUT at HOME! 8-2
Bottom of the 7th over - 1 run, 2 hits, 0 errors, 1 left on base; New York 1 - Pittsburgh 10
TOP OF THE 8TH
New York Mets batting - Pitching for Pittsburgh Pirates : RHP Ralph Vincent
Now at 1B: Jeremy Powers
Batting: RHB Javin Hall 0-0: Foul Ball, location: 9LDF
0-1: Foul Ball, location: 25F
0-2: SINGLE (Line Drive, 7LS, EV 107.5 MPH)
Batting: LHB Earl Jones 0-0: Ball
1-0: Called Strike
1-1: Called Strike
1-2: Strikes out swinging
Batting: SHB Emmanuel González 0-0: Ball
1-0: Foul Ball, location: 2F
1-1: Foul Ball, location: 2F
1-2: Foul Ball, location: 2F
1-2: SINGLE (Line Drive, 9S, EV 103.1 MPH)
Javin Hall to second
Batting: LHB Bobby Crooks 0-0: SINGLE (Groundball, 34D, EV 101.3 MPH)
Javin Hall to third
Emmanuel González to second
Runner from 3rd tries for Home, SAFE, throw by RF to home
Emmanuel González to third
Bobby Crooks to second
Batting: RHB Jeremy Zimmerman 0-0: Called Strike
0-1: Foul Ball, location: 5F
0-2: Ball
1-2: Foul Ball, location: 2F
1-2: Foul Ball, location: 2F
1-2: Ball
2-2: Foul Ball, location: 9LSF
2-2: Strikes out swinging
Batting: RHB Dennis Hardwick 0-0: Called Strike
0-1: Ball
1-1: Foul Ball, location: 2F
1-2: Foul Ball, location: 3FF
1-2: Ground out 5-3 (Groundball, 5L, EV 102.5 MPH)
Top of the 8th over - 1 run, 3 hits, 0 errors, 2 left on base; New York 2 - Pittsburgh 10
BOTTOM OF THE 8TH
Pittsburgh Pirates batting - Pitching for New York Mets : LHP J.D. Taylor
Batting: SHB Michael Shatley 0-0: Ball
1-0: Ball
2-0: Fly out, F8 (Flyball, 8LD, EV 95.6 MPH)
Batting: RHB David Dudley 0-0: Ball
1-0: Called Strike
1-1: Called Strike
1-2: Strikes out swinging
Batting: RHB Andy Kiser 0-0: Called Strike
0-1: Called Strike
0-2: Ball
1-2: Foul Ball, location: 25FF
1-2: Foul Ball, location: 2F
1-2: Fly out, F8 (Flyball, 8RXD, EV 106.9 MPH)
Bottom of the 8th over - 0 runs, 0 hits, 0 errors, 0 left on base; New York 2 - Pittsburgh 10
TOP OF THE 9TH
New York Mets batting - Pitching for Pittsburgh Pirates : RHP Ralph Vincent
Batting: LHB Enrique Reyna 0-0: Ball
1-0: SINGLE (Groundball, 34D, EV 104.4 MPH)
Batting: LHB Elih Zelaya 0-0: Called Strike
0-1: Fielders Choice at 2nd, 4-6 (Groundball, 4, EV 99.4 MPH)
Batting: LHB Cody Phillips 0-0: DOUBLE (Line Drive, 9LM, EV 99.4 MPH)
Elih Zelaya to third
Batting: RHB Javin Hall 0-0: Ball
1-0: Called Strike
1-1: DOUBLE (Line Drive, 7LM, EV 111.9 MPH)
Elih Zelaya scores
Cody Phillips scores
Pitching: RHP Antek Franiak
Batting: LHB Earl Jones 0-0: Ball
1-0: Foul Ball, location: 2F
1-1: Fly out, F9 (Flyball, 9LM, EV 104.4 MPH)
Batting: SHB Emmanuel González 0-0: Ball
1-0: Fly out, F8 (Flyball, 8RD, EV 82.5 MPH)
Top of the 9th over - 2 runs, 3 hits, 0 errors, 1 left on base; New York 4 - Pittsburgh 10
Monday, April 22nd , 2024 - OOTP Baseball 24.11 Build 85